 Dungeon Crawl Stone Soup version 0.30-a0-793-g160f7cfddd (webtiles) character file.

Game seed: 2298261161043331688

4 cheesebisquit the Chiller (level 1, 0/13 HPs)
             Began as a Merfolk Ice Elementalist on Feb 19, 2023.
             Slain by a bat (1 damage)
             ... on level 1 of the Dungeon.
             The game lasted 00:00:44 (84 turns).

cheesebisquit the Chiller (Merfolk Ice Elementalist)  Turns: 84, Time: 00:00:45

Health: 0/13       AC:  2    Str:  8    XL:     1   Next: 60%
Magic:  0/3        EV: 12    Int: 14    God:
Gold:   0          SH:  0    Dex: 14    Spells: 3/4 levels left

rFire   . . .      SeeInvis .    (no weapon)
rCold   . . .      Faith    .    (no shield)
rNeg    . . .      Spirit   .    a - +0 robe
rPois   .          Reflect  .    (no helmet)
rElec   .          Harm     .    (no cloak)
rCorr   .          Rampage  .    (no gloves)
Will    .....                    (no boots)
Stlth   ++                       (no amulet)
HPRegen 0.22/turn                (no ring)
MPRegen 0.08/turn                (no ring)

@: no status effects
A: (nimble swimmer 2), mertail
a: no special abilities


You were on level 1 of the Dungeon.
You visited 1 branch of the dungeon, and saw 1 of its levels.

Inventory:

Armour
 a - a +0 robe (worn)
Potions
 b - a potion of magic
 c - a potion of cancellation {unknown}


   Skills:
 - Level 2.6 Dodging
 - Level 2.1 Stealth
 + Level 2.1 Spellcasting
 * Level 4.5 Ice Magic


You had 3 spell levels left.
You knew the following spells:

 Your Spells              Type           Power      Damage    Failure   Level
a - Freeze                Ice            56%        1d7       3%          1

Your spell library contained the following spells:

 Spells                   Type           Power      Damage    Failure   Level
 Frozen Ramparts          Ice            28%        1d5       11%         3
 Ozocubu's Armour         Ice            14%        N/A       11%         3
 Summon Ice Beast         Ice/Summ       7%         N/A       67%         4


Dungeon Overview and Level Annotations

Branches:
Dungeon (1/15)

Altars:


Innate Abilities, Weirdness & Mutations

((You are very nimble when in or above water. (Stealth+, EV+, Speed+++)))
Your lower body shifts to a powerful aquatic tail in water.


Message History

You completely miss the bat. The bat hits you but does no damage.
The bat closely misses you. The kobold misses you.
You hit the bat but do no damage. The bat misses you.
The kobold hits you but does no damage.
You closely miss the bat. The bat closely misses you. x2
The kobold misses you. The bat hits you.
Your magical contamination has completely faded away.
You hit the bat but do no damage. The bat misses you. The bat hits you.
* * * LOW HITPOINT WARNING * * *
The kobold hits you but does no damage.
You closely miss the bat. Your punch misses the bat. The bat barely misses you.
The kobold misses you.
You miss the kobold.
The kobold is moderately wounded.
The bat hits you.
* * * LOW HITPOINT WARNING * * *
The bat barely misses you. The kobold hits you but does no damage.
Aiming: Freeze (safe; 3% risk of failure)
Press: ? - help, Q - select action Shift-Dir - straight line, f - kobold, p - bat
Aim: a kobold, wielding a +0 dagger and quivering stones (moderately wounded)
You freeze the kobold!
You kill the kobold!
The bat closely misses you. The bat hits you but does no damage.
The bat barely misses you.
You don't have enough magic to cast this spell.
You hit the giant cockroach but do no damage.
The bat hits you but does no damage. The giant cockroach closely misses you.
The giant cockroach misses you. The bat misses you.
You barely miss the giant cockroach. The bat hits you.
* * * LOW HITPOINT WARNING * * *
The giant cockroach barely misses you.
You hit the giant cockroach but do no damage.
The giant cockroach misses you. The bat closely misses you.
You hit the bat.
The bat is severely wounded.
The bat barely misses you. The giant cockroach barely misses you.
You barely miss the giant cockroach. The giant cockroach bites you.
* * * LOW HITPOINT WARNING * * *
The bat hits you.
You die...

#...#
########...##
##......'#...#
#........#...##
#...##†..#....#
. #..#
##..####.# ..
#..####..# #(#
..##...##...#
#.#
............#
#@#
...........##
#Bb#
..##..######
##.#
..##..###### ..
...<.......##
#..
............#
...
..##...##...#
.... .. #..##
..# ##### .
#..# .#


You could see a giant cockroach and a bat.

Vanquished Creatures
  A bat (D:1)
  A quokka (D:1)
  A kobold (D:1)
  A rat (D:1)
4 creatures vanquished.

Notes
Turn   | Place    | Note
-------+----------+-------------------------------------------
     0 | D:1      | cheesebisquit the Merfolk Ice Elementalist began the quest
                  | for the Orb.
     0 | D:1      | Reached XP level 1. HP: 13/13 MP: 3/3
    84 | D:1      | Slain by a bat

Illustrated notes

Levels and vault maps discovered:
D:1:      minmay_arrival_four_loops, layout_rooms, reono_crystal_passage,
          serial_park_tiny_2, skrybe_limestone_x

Action                     || total
---------------------------++-------
  Melee: Unarmed           ||    15
   Cast: Freeze            ||     6
 Armour: Robe              ||    12
  Dodge: Dodged            ||    29

Table legend: (Time is in decaauts)
 A = Elapsed time spent in this place.
 B = Non-inter-level travel time spent in this place.
 C = Inter-level travel time spent in this place.
 D = Time resting spent in this place.
 E = Time spent auto-exploring this place.
 F = Levels seen in this place.
 G = Mean time per level.
                   A        B        C        D        E       F      G
               +--------+--------+--------+--------+--------+-----+--------+
         Total |     84 |     84 |      0 |      0 |     51 |   1 |   84.0 |
       Dungeon |     84 |     84 |      0 |      0 |     51 |   1 |   84.0 |
               +--------+--------+--------+--------+--------+-----+--------+

Top non-repeatable levels by time:
     D:1: 84 daAuts
